 Dungeon Crawl Stone Soup version 0.27.1 (webtiles) character file.

Game seed: 9286751544237322914

3833 capybara the Nimble (level 9, -8/34 HPs)
             Began as a Felid Air Elementalist on Aug 28, 2021.
             Was a Follower of Dithmenos.
             Mangled by a blink frog (11 damage)
             ... on level 9 of the Dungeon on Sept 1, 2021.
             The game lasted 01:55:05 (26390 turns).

capybara the Nimble (Felid Air Elementalist)       Turns: 26390, Time: 01:55:06

Health: -8/34      AC:  2    Str:  4    XL:     9   Next: 98%
Magic:  16/16      EV: 24    Int: 19    God:    Dithmenos [*.....]
Gold:   381        SH:  0    Dex: 17    Spells: 7/17 levels left
                                        Lives:  0   Deaths: 2

rFire    . . .     SeeInvis +     - Unarmed
rCold    . . .     Faith    .   (shield unavailable)
rNeg     . . .     Spirit   .   (armour unavailable)
rPois    .         Reflect  .   (helmet unavailable)
rElec    .         Harm     .   (cloak unavailable)
rCorr    .         Rampage  .   (gloves unavailable)
Will     ++...                  (boots unavailable)
Stlth    +++++.....             (no amulet)
HPRegen  0.11/turn              w - ring of wizardry
MPRegen  0.15/turn              y - ring of Lodig {Fly Will+ SInv}

@: flying, wreathed by umbra, quick
A: very small, claws 1, fangs 3, see invisible, speed 1, shaggy fur 2, stealthy
paws, no weapons or thrown items, no armour, multi-lived
a: Renounce Religion


You were on level 9 of the Dungeon.
You worshipped Dithmenos.
Dithmenos was aware of your devotion.
You visited 3 branches of the dungeon, and saw 12 of its levels.

You collected 491 gold pieces.
You spent 110 gold pieces at shops.

Inventory:

Missiles
 c - 233 stones
Jewellery
 w - a ring of wizardry (left paw)
 x - a ring of resist corrosion
 y - the ring of Lodig (right paw) {Fly Will+ SInv}
   (You found it on level 9 of the Dungeon)

   [ring of flight]

   SInv:      It lets you see invisible.
   Fly:       It grants you flight.
   Will:      It increases your willpower.
Wands
 m - a wand of charming (7)
 A - a wand of paralysis (10)
Scrolls
 a - 2 scrolls of vulnerability
 d - a scroll of magic mapping {unknown}
 f - a scroll of blinking {unknown}
 g - 3 scrolls of fog
 k - 3 scrolls of teleportation
 l - a scroll of silence {unknown}
 n - 2 scrolls of immolation
 o - a scroll of torment {unknown}
 p - 3 scrolls of fear
 q - a scroll of amnesia {unknown}
 s - 2 scrolls of enchant armour
Potions
 b - 4 potions of lignification
 e - a potion of mutation {unknown}
 h - 3 potions of flight
 i - 5 potions of might
 j - 5 potions of curing
 r - a potion of haste {unknown}
 t - a potion of degeneration {unknown}
 v - a potion of heal wounds {unknown}
 z - 2 potions of magic


   Skills:
 + Level 11.0 Dodging
 - Level 10.0 Stealth
 + Level 4.2 Unarmed Combat
 + Level 4.5 Spellcasting
 - Level 2.1 Conjurations
 + Level 5.2 Hexes
 - Level 8.9 Air Magic


You had 7 spell levels left.
You knew the following spells:

 Your Spells              Type           Power      Damage    Failure   Level
a - Shock                 Conj/Air       100%       1d9       1%          1
b - Airstrike             Air            19%        N/A       1%          4
c - Swiftness             Air            38%        N/A       1%          3
d - Ensorcelled Hibernat  Hex/Ice        28%        N/A       2%          2

Your spell library contained the following spells:

 Spells                   Type           Power      Damage    Failure   Level
 Corona                   Hex            26%        N/A       1%          1
 Static Discharge         Conj/Air       25%        N/A       1%          2
 Tukima's Dance           Hex            24%        N/A       1%          3
 Hailstorm                Conj/Ice       8%         3d4       32%         4
 Freezing Cloud           Conj/Ice/Air   9%         6-21      32%         5
 Metabolic Englaciation   Hex/Ice        7%         N/A       43%         5
 Petrify                  Tmut/Erth      4%         N/A       45%         4
 Summon Forest            Summ/Tloc      2%         N/A       78%         5
 Eringya's Noxious Bog    Tmut/Pois      2%         N/A       100%        6
 Statue Form              Tmut/Erth      2%         N/A       100%        6
 Dragon Form              Tmut           2%         N/A       100%        7
 Summon Hydra             Summ           2%         N/A       100%        7


Dungeon Overview and Level Annotations

Branches:
Dungeon (10/15)            Temple (1/1) D:4            Lair (1/6) D:9
    Orc (0/2) D:9

Altars:
Ashenzari
Cheibriados
Dithmenos
Elyvilon
Fedhas
Gozag
Hepliaklqana
Kikubaaqudgha
Makhleb
Nemelex Xobeh
Okawaru
Qazlal
Ru
Trog
Uskayaw
Vehumet
Xom
Yredelemnul
The Shining One
Lugonu

Shops:
D:4 (((   D:8 *

Annotations:
D:5 2 transporters, ZARRMARR's ghost, novice GrEE
D:6 exclusion: 2 downstairs
D:7 Maggie


Innate Abilities, Weirdness & Mutations

You have sharp claws.
You have razor-sharp teeth.
You have supernaturally acute eyesight. (SInv)
You cover ground quickly. (Speed+)
You are covered in thick fur. (AC +2)
Your paws help you pounce on unaware monsters.
You are incapable of wielding weapons or throwing items.
You cannot wear armour.
You gain extra lives every three experience levels.


Message History

There is a stone staircase leading down here.
The blink frog blinks!
The blink frog completely misses you.
The blink frog blinks! x2
The blink frog completely misses you.
The blink frog blinks!
The blink frog hits you!!
Ouch! That really hurt!
* * * LOW HITPOINT WARNING * * *
The blink frog blinks!
The blink frog completely misses you.
The blink frog blinks!
The blink frog blinks! x2
The blink frog blinks!
The blink frog blinks!
The blink frog blinks!
There is a staircase back to the Dungeon here.
You fly upwards.
Welcome back to the Dungeon!
There is a staircase to the Lair here.
You start resting.
Magic restored.
You start resting.
HP restored.
You start waiting.
Done waiting.
You fly downwards.
Welcome back to the Lair of Beasts!
The blink frog blinks!
The blink frog completely misses you. The blink frog misses you.
The blink frog hits you!
The blink frog blinks!
The blink frog hits you!
* * * LOW HITPOINT WARNING * * *
The blink frog blinks!
There is a staircase back to the Dungeon, spattered with blood here.
The blink frog closely misses you.
The blink frog blinks!
You fly upwards.
Welcome back to the Dungeon!
There is a staircase to the Lair here.
The blink frog hits you.
* * * LOW HITPOINT WARNING * * *
The blink frog blinks!
The blink frog blinks!
The blink frog hits you!
You die...

###.########### #######.......[..
#.......≈≈≈≈≈≈...........######
#.......≈≈≈≈≈§≈....≈.≈.........
##......≈≈≈≈≈≈≈≈≈..≈.≈........#
#...≈≈≈≈≈≈≈≈≈≈≈≈.≈≈≈........
####..≈.≈≈≈≈≈≈≈≈≈≈.≈≈≈≈........
.......≈≈≈≈.≈≈≈≈..≈≈≈≈≈≈.......
....)≈≈.≈≈≈≈.§...≈≈≈≈≈≈≈....###
.......≈≈≈≈..>..@F........#'# ###
.....≈≈≈.≈[≈....≈≈≈≈≈≈≈.....###..
....)...≈≈≈..≈..[≈≈≈≈.......##...
...)).≈≈≈≈≈≈≈.≈≈≈≈≈≈≈≈≈≈....##...
..##....≈≈≈≈≈≈≈≈≈≈≈≈≈≈≈.....##..#
..##....≈..≈≈≈≈≈≈..≈≈≈......##..#
..##..≈....≈..≈.............##...
..##........................##...
..###.......#..#.##############..


You could see a blink frog.

Vanquished Creatures
  A black mamba (Lair:1)
  Joseph (D:9)
  2 komodo dragons (Lair:1)
  A blink frog (Lair:1)
  2 wyverns (D:7)
  A yak (Lair:1)
  A vampire mosquito (D:7)
  A basilisk (D:8)
  A steam dragon (D:8)
  4 water moccasins (D:7)
  Duvessa (D:7)
  2 orc warriors
  2 ice beasts
  2 black bears
  A sky beast (D:8)
  A necrophage (D:6)
  3 ogres
  2 wolves (D:9)
  A phantom (D:7)
  3 centaurs
  3 kobold brigands (D:8)
  3 bullfrogs
  A scorpion (D:4)
  Dowan (D:7)
  An electric eel (D:9)
  7 wights
  A howler monkey (D:5)
  2 centaur zombies
  7 hounds
  A bullfrog zombie (D:5)
  A bullfrog skeleton (D:5)
  A gnoll shaman (D:5)
  3 orc priests
  2 centaur skeletons
  2 iguanas
  4 orc wizards
  A killer bee zombie (D:8)
  2 howler monkey skeletons
  17 gnolls
  10 adders
  A shadow imp (D:5)
  A white imp (D:7)
  An adder zombie (D:5)
  2 dart slugs
  20 orcs
  6 ball pythons
  7 bats
  9 endoplasms
  3 giant cockroaches (D:1)
  10 hobgoblins
  11 jackals
  4 quokkas
  3 frilled lizards
  8 goblins
  23 kobolds
  6 rats
218 creatures vanquished.

Vanquished Creatures (others)
  A demonic plant (Temple)
  17 plants
  7 withered plants (D:2)
25 creatures vanquished.

Grand Total: 243 creatures vanquished

Notes
Turn   | Place    | Note
-------+----------+-------------------------------------------
     0 | D:1      | capybara the Felid Air Elementalist began the quest for the
                  | Orb.
     0 | D:1      | Reached XP level 1. HP: 7/7 MP: 4/4
   314 | D:1      | Reached XP level 2. HP: 7/11 MP: 0/6
   743 | D:1      | Reached skill level 1 in Conjurations
   789 | D:1      | Reached skill level 3 in Dodging
  1626 | D:1      | Reached XP level 3. HP: 14/14 MP: 4/7
  1792 | D:2      | Noticed an ogre
  1875 | D:2      | Found a faded altar of an unknown god.
  2554 | D:3      | Found a broken altar of Ashenzari.
  2737 | D:3      | Reached XP level 4. HP: 18/18 MP: 2/8
  3081 | D:3      | Learned a level 4 spell: Airstrike
  3712 | D:2      | Learned a level 3 spell: Swiftness
  4087 | D:2      | Reached XP level 5. HP: 21/21 MP: 3/9
  4364 | D:3      | Reached skill level 4 in Dodging
  4685 | D:3      | Noticed an ice beast
  4859 | D:4      | Found an iron altar of Okawaru.
  5457 | D:4      | Found Ykulof's Antique Weapon Boutique.
  5512 | D:4      | Found Olur's Weapon Shoppe.
  5655 | D:4      | Found Gaeligux's Weapon Shop.
  6385 | D:4      | Gained mutation: You are covered in thick fur. (AC +2)
                  | [Felid growth]
  6385 | D:4      | Reached XP level 6. HP: 24/24 MP: 0/11
  6697 | D:4      | Found an opulent altar of Gozag.
  6741 | D:4      | Found a staircase to the Ecumenical Temple.
  6754 | Temple   | Entered the Ecumenical Temple
  6962 | Temple   | Became a worshipper of Dithmenos the Shadowed
  7385 | D:4      | Reached skill level 5 in Dodging
  7627 | D:5      | Entered Level 5 of the Dungeon
  7773 | D:5      | Found a transporter.
  7817 | D:5      | Noticed ZARRMARR's ghost (novice GrEE)
  8347 | D:5      | Found a transporter.
  8372 | D:5      | Reached XP level 7. HP: 15/27 MP: 1/12
  8575 | D:5      | Reached skill level 6 in Dodging
  8701 | D:5      | Found a basalt altar of Yredelemnul.
  8730 | D:5      | Reached skill level 5 in Air Magic
  9058 | D:5      | Reached skill level 5 in Stealth
 10493 | D:6      | Reached skill level 7 in Dodging
 10498 | D:6      | Found a glowing golden altar of the Shining One.
 10523 | D:6      | Found a snail-covered altar of Cheibriados.
 10855 | D:6      | Got Sif Muna's Grimoire of Snow and Shape Shifting
 11254 | D:6      | Reached XP level 8. HP: 31/31 MP: 6/13
 13813 | D:6      | Reached skill level 8 in Dodging
 16939 | D:7      | Reached XP level 9. HP: 34/34 MP: 5/14
 17478 | D:7      | Noticed Duvessa
 17507 | D:7      | Noticed Dowan
 17517 | D:7      | Killed Duvessa
 17518 | D:7      | Reached skill level 9 in Dodging
 17528 | D:7      | Killed Dowan
 17648 | D:7      | Reached * piety under Dithmenos
 17710 | D:7      | Noticed a red ugly thing
 18605 | D:8      | Found Tiocvin's Assorted Antiques.
 18613 | D:8      | Bought a runed cabochon ring for 110 gold pieces
 19259 | D:8      | Engulfed by a steam dragon's steam
 19260 | D:8      | Reached XP level 8. HP: -6/31 MP: 2/13
 19499 | D:8      | Learned a level 2 spell: Ensorcelled Hibernation
 19520 | D:8      | Reached skill level 1 in Hexes
 19970 | D:8      | Found a sacrificial altar of Ru.
 20589 | D:8      | Reached skill level 1 in Unarmed Combat
 20763 | D:9      | Found a staircase to the Orcish Mines.
 20771 | D:9      | Identified the ring of Lodig {Fly Will+ SInv}
 20843 | D:9      | Found a hide-covered altar of Uskayaw.
 20872 | D:9      | Found a hazy altar of Hepliaklqana.
 20902 | D:9      | Noticed Joseph
 20912 | D:9      | Shot with a sling bullet by Joseph
 20913 | D:9      | Reached XP level 7. HP: -18/27 MP: 10/12
 20938 | D:9      | Noticed a troll
 21264 | D:7      | Reached XP level 8. HP: 31/31 MP: 4/13
 22273 | D:7      | Noticed Maggie
 22310 | D:7      | Reached skill level 10 in Dodging
 23328 | D:10     | Entered Level 10 of the Dungeon
 23598 | D:9      | Reached skill level 5 in Hexes
 24092 | D:9      | Reached XP level 9. HP: 21/34 MP: 5/14
 24458 | D:9      | Found an ancient bone altar of Kikubaaqudgha.
 24638 | D:9      | Killed Joseph
 24731 | D:9      | Reached skill level 10 in Stealth
 24797 | D:9      | Found a staircase to the Lair.
 24830 | Lair:1   | Entered Level 1 of the Lair of Beasts
 24892 | Lair:1   | Noticed a komodo dragon
 24899 | Lair:1   | Killed a komodo dragon
 25072 | Lair:1   | Noticed a komodo dragon
 25119 | Lair:1   | Killed a komodo dragon
 25515 | Lair:1   | Noticed a black mamba
 25518 | Lair:1   | Killed a black mamba
 25986 | Lair:1   | Noticed a moth of wrath
 25986 | Lair:1   | Noticed a spriggan rider
 26000 | Lair:1   | Reached skill level 11 in Dodging
 26390 | D:9      | Mangled by a blink frog

Illustrated notes

Levels and vault maps discovered:
D:1:      giann_wishing_wells, layout_loops_ring
D:2:      layout_loops_ring, ebering_ecumenical_altar_petrified
D:3:      minmay_evil_eye, layout_basic, evilmike_ruin_ashenzari
D:4:      layout_gridville, mainiacjoe_overflow_cross_hatched,
          grunt_gozag_breadcrumbs, minmay_temple_entry_arrows, serial_shops,
          shop, nicolae_take_the_stairs, nicolae_shop_overgrown_old_shop,
          kennysheep_generic_room_13
D:5:      layout_basic, nicolae_overflow_crystal_walls,
          gammafunk_ghost_stat_death, hangedman_decor_points, dk_noncrumbling_2
D:6:      layout_gridville, tso_oasis_becter, kennysheep_mini_moat
D:7:      hangedman_cross_stitches, layout_basic, nicolae_ossuary_entry_plus,
          amcnicky_mini_corridor_feature, uniq_maggie, uniq_duvessa
D:8:      layout_loops_cross, mainiacjoe_overflow_alcove_1, serial_shops, shop
D:9:      layout_basic, mainiacjoe_overflow_small_starburst,
          nicolae_hepliaklqana_hippocampus, overflow_temple_1_default,
          erik_lair_island, orc_0_dummy, uniq_joseph
D:10:     kennysheep_ambush_hall, layout_basic, zin_purify,
          jmf_multi_god_temple, onia_ninara_cookie, uniq_nergalle
Temple:   kb_corrupted_temple
Lair:1:   beast_lair_carwin_large_2, layout_regular_city,
          gammafunk_ghost_wrathful_warriors, chequers_serial_rivers_micro_b,
          nicolae_quartered_pool_super, st_stairs_7, lemuel_fruit_fields,
          grunt_megastairs_3

Skill      XL: |  1  2  3  4  5  6  7  8  9 |
---------------+----------------------------+-----
Air Magic      | 3 4 5 7 8 |  8.9
Conjurations   | 1 2 |  2.1
Dodging        | 3 4 5 7 10 11 | 11.0
Stealth        | 3 4 5 9 10 | 10.0
Spellcasting   | 3 4 |  4.5
Hexes          | 3 5 |  5.2
Unarmed Combat | 2 4 |  4.2

Action                   |  1- 3 |  4- 6 |  7- 9 || total
-------------------------+-------+-------+-------++-------
Melee: Unarmed           |     5 |    42 |    43 ||    90
       Bite              |     1 |     2 |     3 ||     6
 Cast: Shock             |    90 |   216 |   271 ||   577
       Swiftness         |       |     1 |     1 ||     2
       Airstrike         |       |     4 |   138 ||   142
       Ensorcelled Hiber |       |       |     8 ||     8
Evoke: Wand              |       |       |    11 ||    11
  Use: Scroll            |       |       |    11 ||    11
 Stab: Paralysed         |       |       |     6 ||     6
       Sleeping          |       |       |     4 ||     4
Armor: Skin              |       |     5 |     6 ||    11
Dodge: Dodged            |    12 |    72 |   151 ||   235
